 Dungeon Crawl Stone Soup version 0.20.1-1-g8b1a95d (webtiles) character file.

1186 Irenicus the Grave Robber (level 8, -2/64 HPs)
             Began as a Deep Dwarf Transmuter on Oct 14, 2017.
             Was an Initiate of Makhleb.
             Slain by a wight
             ... wielding a cursed +4 trident of freezing
              (4 damage)
             ... on level 6 of the Dungeon.
             The game lasted 00:17:12 (4401 turns).

Irenicus the Grave Robber (Deep Dwarf Transmuter)   Turns: 4401, Time: 00:17:12

Health: -2/64      AC:  2    Str: 18    XL:     8   Next: 19%
Magic:  10/11      EV: 11    Int: 15    God:    Makhleb [......]
Gold:   384        SH:  0    Dex: 15    Spells: 11/15 levels left

rFire    . . .     SeeInvis .     - Unarmed
rCold    . . .     Gourm    .   (no shield)
rNeg     . . .     Faith    .   b - +0 robe
rPois    +         Spirit   .   (no helmet)
rElec    .         Reflect  .   (no cloak)
rCorr    .         Harm     .   (no gloves)
MR       +....                  (no boots)
Stlth    +.........             (no amulet)
Regen    0.0/turn               C - ring of poison resistance
MPRegen  0.2/turn               (no ring)

@: mighty, flying, very slightly contaminated, non-regenerating, very heavily
drained
A: damage resistance, heal wounds, sense surroundings 1, no regeneration
a: Heal Wounds, Renounce Religion


You were on level 6 of the Dungeon.
You worshipped Makhleb.
Makhleb was noncommittal.
You were hungry.

You visited 2 branches of the dungeon, and saw 9 of its levels.

You collected 384 gold pieces.

Inventory:

Missiles
 a - 132 arrows
 k - a throwing net (quivered)
Armour
 b - a +0 robe (worn)
 v - a +0 robe of cold resistance
Jewellery
 m - an uncursed amulet of guardian spirit
 C - a ring of poison resistance (left hand)
Wands
 r - a wand of clouds (0/9)
 y - a wand of paralysis (5/24)
Scrolls
 e - a scroll of fear {unknown}
 g - 3 scrolls of magic mapping {unknown}
 o - 3 scrolls of immolation {unknown}
 q - 5 scrolls of identify {unknown}
 u - 3 scrolls of random uselessness {unknown}
 w - 2 scrolls of remove curse {unknown}
Potions
 h - a potion of flight
 i - 2 potions of curing
 j - a potion of brilliance {unknown}
 n - a potion of might
 p - a potion of experience {unknown}
 z - a potion of agility {unknown}
 B - 2 potions of haste {unknown}
Books
 c - a book of Changes

   Spells                             Type                      Level
   a - Beastly Appendage              Transmutation                1
   b - Sticks to Snakes               Transmutation                2
   c - Spider Form                    Transmutation/Poison         3
   d - Ice Form                       Ice/Transmutation            4
   e - Blade Hands                    Transmutation                5
 s - a book of Necromancy

   Spells                             Type                      Level
   a - Pain                           Necromancy                   1
   b - Animate Skeleton               Necromancy                   1
   c - Vampiric Draining              Necromancy                   3
   d - Regeneration                   Charms/Necromancy            3
   e - Animate Dead                   Necromancy                   4
   f - Control Undead                 Necromancy                   4
Comestibles
 d - 3 bread rations
 f - 2 royal jellies
 t - 12 fruits
 x - 2 meat rations


   Skills:
 - Level 1.0(0.0) Fighting
 - Level 2.1(0.0) Dodging
 + Level 5.7(2.1) Unarmed Combat
 - Level 4.1(0.6) Spellcasting
 - Level 7.1(3.3) Necromancy
 - Level 1.7(0.0) Transmutations


You had 11 spell levels left.
You knew the following spells:

 Your Spells              Type           Power        Failure   Level  Hunger
a - Beastly Appendage     Tmut           #.....       26%         1    ##.....
e - Vampiric Draining     Necr           ##........   19%         3    ####...


Dungeon Overview and Level Annotations

Branches:
Dungeon (8/15)             Temple (1/1) D:6
   Lair: D:8-11

Altars:
Ashenzari
Dithmenos
Elyvilon
Fedhas
Gozag
Hepliaklqana
Kikubaaqudgha
Makhleb
Nemelex Xobeh
Okawaru
Ru
Sif Muna
Uskayaw
Xom
Yredelemnul
Zin
The Shining One

Shops:
D:7 *

Annotations:
D:2 1 runed door
D:4 othur's ghost, amateur MiFi
D:7 exclusion: ice statue, Joseph


Innate Abilities, Weirdness & Mutations

You are resistant to damage.
You can heal yourself by infusing magical energy.
You passively map a small area around you.
You do not regenerate.


Message History

The wight hits you with an enchanted morningstar!
You feel drained.
The wight hits you with an enchanted dagger!
* * * LOW HITPOINT WARNING * * *
You feel drained.
Found 8 gold pieces.
Casting: Vampiric Draining
Confirm with . or Enter, or press ? or * to list all spells.
You miscast Beastly Appendage.
You are very lightly contaminated with residual magic.
Your hands glow momentarily.
The wight hits you with an enchanted dagger.
* * * LOW HITPOINT WARNING * * *
The wight hits you from afar with a trident of freezing.
The wight freezes you.
You closely miss the wight. The wight closely misses you.
The wight hits you from afar with a trident of freezing!
* * * LOW HITPOINT WARNING * * *
The wight freezes you!
You die...

... ,, ... #########* , #.#
##...#...#######.# #
##..............#.# #####
#$..........#*#.#.## #....
#...........# #....####.###
#.......z...# #..#..##..# ##
*#......zz@# #.###.#..## .#
##...#...## #.###...## .#
#..####..#####..###.## >## ##.##
##...≈§≈.......# ..#####..#
#..≈≈≈≈≈...##.# #.##....##
#.§≈≈≈≈§§..# .# #..#....#####
##§§≈>≈§§..# .. ###
##........zz####≈§≈§§≈≈..#
##.#..
###....###...>..≈≈§≈≈.######.#.#


You could see 3 wights.

Vanquished Creatures
  A hungry ghost (D:5)
  Edmund (D:4)
  A sky beast (D:5)
  An ogre (D:5)
  A centaur (D:7)
  3 bullfrogs
  A scorpion (D:5)
  A hound (D:6)
  An iguana (D:6)
  2 orc wizards (D:4)
  5 worker ants
  3 hound skeletons
  3 gnolls (D:3)
  3 adders
  A shadow imp (D:6)
  An ooze (D:3)
  An adder skeleton (D:7)
  4 worms
  2 dart slugs (D:2)
  6 leopard geckos
  11 orcs
  7 bats
  3 giant cockroaches
  9 hobgoblins
  5 jackals
  4 kobolds
  A quokka (D:6)
  2 frilled lizards
  10 goblins
  A jackal skeleton (D:5)
  2 rats
  A spectral orc (D:5)
98 creatures vanquished.

Notes
Turn   | Place    | Note
-------+----------+-------------------------------------------
     0 | D:1      | Irenicus the Deep Dwarf Transmuter began the quest for the Orb.
     0 | D:1      | Reached XP level 1. HP: 16/16 MP: 3/3
   155 | D:1      | Reached XP level 2. HP: 21/24 MP: 4/4
   536 | D:2      | Reached XP level 3. HP: 8/30 MP: 5/5
   843 | D:2      | Found a runed door.
   933 | D:2      | Found a sacrificial altar of Ru.
  1346 | D:3      | Reached skill level 1 in Fighting
  1352 | D:3      | Learned a level 3 spell: Vampiric Draining
  1379 | D:3      | Found a shimmering altar of Xom.
  1379 | D:3      | Found a shimmering altar of Xom.
  1380 | D:3      | Found a shimmering altar of Xom.
  1525 | D:3      | Reached skill level 1 in Necromancy
  1706 | D:3      | Reached XP level 4. HP: 25/38 MP: 6/6
  1880 | D:3      | Reached skill level 2 in Necromancy
  2026 | D:4      | Noticed othur's ghost (amateur MiFi)
  2031 | D:5      | Entered Level 5 of the Dungeon
  2078 | D:5      | Found a shattered altar of Ashenzari.
  2093 | D:5      | Reached skill level 3 in Necromancy
  2096 | D:5      | Reached XP level 5. HP: 7/44 MP: 3/7
  2164 | D:5      | Reached skill level 4 in Necromancy
  2175 | D:5      | Noticed a hungry ghost
  2245 | D:5      | Killed a hungry ghost
  2245 | D:5      | Reached skill level 5 in Necromancy
  2245 | D:5      | Reached XP level 6. HP: 30/51 MP: 7/7
  2259 | D:5      | Found an opulent altar of Gozag.
  2308 | D:5      | Noticed a sky beast
  2318 | D:5      | Killed a sky beast
  2318 | D:5      | Reached skill level 6 in Necromancy
  2353 | D:5      | Found a hazy altar of Hepliaklqana.
  2814 | D:5      | Reached skill level 7 in Necromancy
  2814 | D:5      | Reached XP level 7. HP: 31/57 MP: 0/8
  2962 | D:5      | Found a basalt altar of Yredelemnul.
  3584 | D:4      | Noticed Edmund
  3671 | D:4      | Killed Edmund
  3952 | D:6      | Found a staircase to the Ecumenical Temple.
  3961 | Temple   | Entered the Ecumenical Temple
  3988 | Temple   | Became a worshipper of Makhleb the Destroyer
  4074 | D:6      | Reached XP level 8. HP: 28/64 MP: 2/13
  4097 | D:6      | Reached skill level 5 in Unarmed Combat
  4108 | D:6      | HP: 3/64 [wight/enchanted morningstar (2)]
  4173 | D:7      | Found Axodunt's Assorted Antiques.
  4226 | D:7      | Noticed Joseph
  4344 | D:7      | Noticed an ice statue
  4401 | D:6      | HP: 2/64 [wight/trident of freezing (11)]
  4401 | D:6      | Slain by a wight

Skill      XL: |  1  2  3  4  5  6  7  8 |
---------------+-------------------------+-----
Unarmed Combat | 3 4 5 |  5.7
Fighting       | 1 |  1.0
Necromancy     | 1 3 5 7 |  7.1
Spellcasting   | 4 |  4.1
Dodging        | |  2.1
Transmutations | |  1.7

Action                   |  1- 3 |  4- 6 |  7- 9 || total
-------------------------+-------+-------+-------++-------
Melee: Unarmed           |   127 |   118 |   120 ||   365
       Kick              |     5 |    13 |     3 ||    21
       Punch             |     1 |     3 |     2 ||     6
       Headbutt          |     7 |     6 |     1 ||    14
 Cast: Beastly Appendage |    22 |     8 |     3 ||    33
       Vampiric Draining |     1 |    18 |    42 ||    61
 Abil: Heal Wounds       |     1 |     2 |     6 ||     9
Evoke: Wand              |       |       |     2 ||     2
  Use: Potion            |       |     2 |     6 ||     8
 Stab: Sleeping          |       |     1 |       ||     1
  Eat: Chunk             |     2 |     8 |     5 ||    15
       Fruit             |       |    13 |       ||    13
       Bread ration      |       |     1 |     1 ||     2
Armor: Robe              |    26 |    20 |    14 ||    60
Dodge: Dodged            |    79 |    73 |    96 ||   248
